 Dungeon Crawl Stone Soup version 0.25-a0-435-g4b9beb1 (webtiles) character file.

Game seed: 15914233570215485729, levelgen mode: deterministic

306787 Auros the Apostle (level 21, -14/182 HPs)
             Began as a Hill Orc Fighter on Jan 26, 2020.
             Was a High Priest of Beogh.
             Killed from afar by a fire dragon (54 damage)
             ... with a blast of flame
             ... on level 5 of the Depths on Jan 27, 2020.
             The game lasted 09:26:54 (61245 turns).

Auros the Apostle (Hill Orc Fighter)               Turns: 61245, Time: 09:26:56

Health: -14/182    AC: 34    Str: 26    XL:     21   Next: 17%
Magic:  18/36      EV: 13    Int:  8    God:    Beogh [*****.]
Gold:   3635       SH: 17    Dex: 11    Spells: 18/20 levels left

rFire    . . .     SeeInvis +   L - +6 war axe of the Distant Future {drain, MR+}
rCold    + . .     Gourm    .   o - +3 shield {reflect}
rNeg     . . .     Faith    +   D - +11 chain mail "Ureocas" {-Tele MR++ SInv}
rPois    +         Spirit   .   G - +2 helmet {SInv}
rElec    .         Reflect  +   X - +0 cloak {MR+}
rCorr    .         Harm     .   s - +0 pair of gloves
MR       +++++     NoTele   +   H - +0 pair of boots
Stlth    ..........             Z - amulet of faith
HPRegen  0.40/turn              w - ring of protection from cold
MPRegen  0.25/turn              y - ring of poison resistance

@: recalling
A: walk on water, clumsy 1
}: 2/15 runes: serpentine, barnacled
a: Smiting, Stop Recall, Give Item to Named Follower, Renounce Religion


You were on level 5 of the Depths.
You worshipped Beogh.
Beogh was extremely pleased with you.
You were not hungry.

You visited 7 branches of the dungeon, and saw 40 of its levels.
You visited the Abyss 1 time.
You visited 1 bazaar.
You also visited: Ossuary and Bailey.

You collected 4087 gold pieces.
You spent 452 gold pieces at shops.

Inventory:

Hand Weapons
 f - a +2 spear of flaming
 p - a +2 glaive of protection
 L - the +6 war axe of the Distant Future (weapon) {drain, MR+}
   (You found it on level 6 of the Lair of Beasts)

   A truly terrible weapon, it drains the life of those it strikes.
   It affects your resistance to hostile enchantments.
 W - the +6 arbalest "Olov" {elec, *Corrode rElec rN+ Str+4}
   (You found it on level 3 of the Vaults)

   It charges the ammunition it shoots with electricity; occasionally upon a
   hit, such missiles may discharge and cause terrible harm.
   It affects your strength (+4).
   It insulates you from electricity.
   It protects you from negative energy.
   It may corrode you when you take damage.
Missiles
 S - 38 silver javelins (quivered)
 Y - 5 throwing nets
Armour
 o - a +3 shield of reflection (worn)
 r - a +0 large shield
 s - a +0 pair of gloves (worn)
 D - the +11 chain mail "Ureocas" (worn) {-Tele MR++ SInv}
   (You found it on level 1 of the Depths)

   It affects your resistance to hostile enchantments.
   It lets you see invisible.
   It prevents most forms of teleportation.
   If you remove this armour, your AC will fall 25 points (34 -> 9)
 G - a +2 helmet of see invisible (worn)
 H - a +0 pair of boots (worn)
 X - a +0 cloak of magic resistance (worn)
Jewellery
 b - the amulet of Dihig {Gourm -Tele MR++ Str+2 Dex+3}
   (You acquired it on level 2 of the Snake Pit)

   [amulet of the gourmand]

   It allows you to eat raw meat even when not hungry.
   It affects your strength (+2).
   It affects your dexterity (+3).
   It affects your resistance to hostile enchantments.
   It prevents most forms of teleportation.
 w - a ring of protection from cold (left hand)
 y - a ring of poison resistance (right hand)
 Z - an amulet of faith (around neck)
Wands
 n - a wand of flame (58)
 v - a wand of iceblast (36)
 B - a wand of clouds (7)
 C - a wand of paralysis (9)
 E - a wand of disintegration (54)
 F - a wand of enslavement (26)
 P - a wand of digging (5)
 T - a wand of acid (33)
 U - a wand of polymorph (6)
Scrolls
 c - 19 scrolls of remove curse
 i - 22 scrolls of identify
 k - 4 scrolls of blinking
 l - 6 scrolls of fog
 q - 6 scrolls of magic mapping
 t - 17 scrolls of teleportation
 x - 2 scrolls of silence
 A - a scroll of summoning
 I - a scroll of enchant weapon
 M - 2 scrolls of holy word
Potions
 d - 9 potions of lignification
 e - a potion of invisibility
 g - 2 potions of berserk rage
 h - 3 potions of cancellation
 j - 7 potions of agility
 u - 4 potions of might
 J - 12 potions of curing
 N - 3 potions of haste
 O - 9 potions of heal wounds
 Q - 5 potions of resistance
 R - a potion of magic
Miscellaneous
 a - a fan of gales
 K - a lightning rod (4/4)
 V - a box of beasts
Comestibles
 m - 10 chunks of flesh
 z - 49 rations


   Skills:
 + Level 14.6 Fighting
 + Level 19.4 Axes
 + Level 17.7 Armour
 + Level 8.4 Dodging
 + Level 14.4 Shields
 + Level 3.3 Translocations
 * Level 23.3 Invocations
 - Level 13.6 Evocations


You had 18 spell levels left.
You knew the following spells:

 Your Spells              Type           Power        Failure   Level  Hunger
a - Blink                 Tloc           N/A          52%         2    ###....

Your spell library contained the following spells:

 Spells                   Type           Power        Failure   Level  Hunger
 Gell's Gravitas          Tloc           #.........   75%         3    ####...
 Corona                   Hex            #......      83%         1    ##.....
 Foxfire                  Conj/Fire      #...         83%         1    ##.....
 Magic Dart               Conj           #...         83%         1    ##.....
 Shock                    Conj/Air       #...         83%         1    ##.....
 Sting                    Tmut/Pois      #...         83%         1    ##.....
 Summon Small Mammal      Summ           #...         83%         1    ##.....
 Call Imp                 Summ           #.......     93%         2    ###....
 Ensorcelled Hibernation  Hex/Ice        #.....       93%         2    ###....
 Poisonous Vapours        Pois/Air       #.....       93%         2    ###....
 Slow                     Hex            #.......     93%         2    ###....
 Swiftness                Chrm/Air       #.......     93%         2    ###....
 Call Canine Familiar     Summ           #.......     99%         3    ####...
 Confusing Touch          Hex            #.......     99%         3    ####...
 Conjure Flame            Conj/Fire      #.......     99%         3    ####...
 Dazzling Flash           Conj/Hex       #.....       99%         3    ####...
 Ignite Poison            Fire/Tmut/Pois #.......     99%         3    ####...
 Inner Flame              Hex/Fire       #.......     99%         3    ####...
 Mephitic Cloud           Conj/Pois/Air  #.......     99%         3    ####...
 Static Discharge         Conj/Air       #.......     99%         3    ####...
 Summon Guardian Golem    Hex/Summ       #.......     99%         3    ####...
 Tukima's Dance           Hex            #.......     99%         3    ####...
 Airstrike                Air            #.........   100%        4    #####..
 Cause Fear               Hex            #.........   100%        4    #####..
 Ice Form                 Ice/Tmut       #.......     100%        4    #####..
 Olgreb's Toxic Radiance  Pois           #.......     100%        4    #####..
 Petrify                  Tmut/Erth      #.......     100%        4    #####..
 Sticky Flame             Conj/Fire      #.......     100%        4    #####..
 Summon Ice Beast         Ice/Summ       #.......     100%        4    #####..
 Summon Lightning Spire   Summ/Air       #.......     100%        4    #####..
 Borgnjor's Vile Clutch   Necr/Erth      #.........   100%        5    ######.
 Fireball                 Conj/Fire      #.........   100%        5    ######.
 Lightning Bolt           Conj/Air       #.........   100%        5    ######.
 Metabolic Englaciation   Hex/Ice        #.........   100%        5    ######.
 Silence                  Hex/Air        #.........   100%        5    ######.
 Yara's Violent Unravell  Hex/Tmut       #.........   100%        5    ######.
 Conjure Ball Lightning   Conj/Air       #.........   100%        6    #######
 Darkness                 Hex            #.........   100%        6    #######
 Deflect Missiles         Chrm/Air       #.........   100%        6    #######
 Freezing Cloud           Conj/Ice/Air   #.........   100%        6    #######
 Ozocubu's Refrigeration  Ice            #.........   100%        6    #######
 Shadow Creatures         Summ           N/A          100%        6    #######
 Simulacrum               Ice/Necr       #.........   100%        6    #######
 Discord                  Hex            #.........   100%        8    #######
 Ignition                 Fire           #.........   100%        8    #######
 Shatter                  Erth           #.........   100%        9    #######
 Tornado                  Air            #.........   100%        9    #######


Dungeon Overview and Level Annotations

Branches:
Dungeon (15/15)            Temple (0/1) D:4            Lair (6/6) D:10
 Shoals (4/4) Lair:3        Snake (4/4) Lair:2        Slime (0/5) Lair:6
    Orc (2/2) D:11            Elf (0/3) Orc:2        Vaults (4/5) D:14
  Crypt (0/3) Vaults:3     Depths (4/5) D:15        Ossuary (visited)
 Bailey (visited)

Altars:
Cheibriados
Dithmenos
Elyvilon
Kikubaaqudgha
Makhleb
Okawaru
Qazlal
Ru
Uskayaw
Xom
Yredelemnul
Zin
The Shining One
Beogh

Shops:
D:4 [   D:5 [   D:6 [   D:12 [(%[   Orc:2 ***!%   Vaults:2 :   Vaults:3 :

Portals:
Hell: Depths:1 Depths:2 Depths:3
Pandemonium: Depths:3
Trove: Depths:1 (give +3 storm dragon scales)

Annotations:
Lair:1 exclusion: oklob plant
Lair:4 exclusion: oklob plant
Lair:6 exclusion: oklob plant
Depths:2 2 transporters, Fixaphap's ghost, legendary MiBe


Innate Abilities, Weirdness & Mutations

You can walk on water.
You are clumsy. (Dex -2)


Message History

Beogh accepts your kill. The deep troll bites you!!
* * * LOW HITPOINT WARNING * * *
You block the deep troll's attack.
The deep troll claws you but does no damage.
Dorog misses the deep troll.
You swap places.
Your orc knight is recalled. x2
The deep troll shaman bites Bolgrim but does no damage.
The deep troll shaman claws Bolgrim.
Bolgrim blocks the deep troll shaman's attack.
The manticore bites Hilgar but does no damage.
The manticore barely misses Hilgar.
The manticore claws Hilgar.
Boderik roars a battlecry!
Your orc knights go into a battle-frenzy!
Bolgrim blocks the deep troll's attack.
The deep troll claws Bolgrim! x2
The fire dragon breathes flames at you.
The blast of flame hits Orbeogh!!
The blast of flame hits Hilgar!!
The blast of flame hits you!!!
You die...

.....P.....#
≈§≈≈≈§§....#
§§≈≈≈≈....#
###§≈....# #≈≈[...#
#≈≈HHH.# ###§DHTTo#
#.§§§oooo#
#.≈≈§oo@o#
#.≈≈≈oooo#
#§§≈≈..o.#
#.≈≈≈^...#
#.§§§....#
#§≈≈§..P.#
#.#.§§§..÷.#
#'###§≈....#
#########...#≈≈P...#


You could see a fire dragon, a sphinx, a deep troll, 3 manticores, a deep troll
shaman, the friendly Boderik the orc warlord, the friendly Bolgrim the orc
warlord, the friendly Dorog the orc warlord, the friendly Hilgar the orc
warlord, the friendly Marbork the orc warlord, the friendly Orbeogh the orc
warlord, the friendly Syrus the orc warlord, 4 friendly orc knights, the
friendly Alork the orc knight and a friendly orc warrior.

Vanquished Creatures
  Mennas (Vaults:2)
  Sojobo (Vaults:2)
  Bai Suzhen (Shoals:4)
  Xtahua (Vaults:2)
  Boris (twice) (Vaults:2 Vaults:4)
  Nikola (Vaults:3)
  Rupert (D:13)
  A titan (Vaults:3)
  2 sphinxes
  4 nagarajas
  A fire giant (Vaults:4)
  A frost giant (Depths:5)
  5 vault wardens
  A cacodemon (Depths:2)
  3 very ugly things
  2 ironheart preservers
  8 stone giants
  An entropy weaver (Vaults:4)
  A deep elf annihilator (Vaults:1)
  A spark wasp (Depths:2)
  3 merfolk javelineers (Shoals:4)
  Snorg (D:10)
  A merfolk impaler (Shoals:4)
  Josephine (D:14)
  2 fire dragons
  4 great orbs of eyes
  Harold (D:10)
  5 naga warriors
  2 yaktaur captains
  4 ice dragons
  2 catoblepae
  8 ogre magi
  A rakshasa (Depths:2)
  3 vault guards (Vaults:4)
  7 hydras
  A spriggan air mage (Depths:5)
  2 death knights (Vaults:1)
  3 anacondas
  4 death yaks
  6 centaur warriors
  3 deep troll shamans
  6 merfolk aquamancers
  A satyr (Shoals:3)
  30 two-headed ogres
  A deep troll earth mage (Depths:5)
  4 naga sharpshooters
  2 tengu warriors
  2 deep elf knights
  A shock serpent (Snake:4)
  2 shadow wraiths
  A skeletal warrior (Vaults:1)
  5 sea snakes
  2 iron trolls (Depths:2)
  A salamander mystic (Snake:3)
  4 deep trolls
  A glowing orange brain (Vaults:2)
  2 wizards
  An unseen horror (D:15)
  3 naga ritualists
  5 deep elf archers
  3 orc knights
  6 ironbrand convokers
  3 necromancers
  4 harpies
  5 deep elf magi
  5 mana vipers
  A sphinx skeleton (D:15)
  An orc sorcerer (Orc:2)
  4 fauns (Shoals:3)
  4 elephants (Lair:6)
  5 cyclopes
  11 ugly things
  A manticore (Shoals:4)
  2 guardian serpents (Snake:4)
  Maurice (Orc:1)
  3 merfolk sirens
  2 salamanders
  An elephant (shapeshifter) (Vaults:3)
  11 naga magi
  A torpor snail (Lair:2)
  A rust devil (Depths:2)
  9 black mambas
  4 vault sentinels
  3 water nymphs
  A gargoyle (D:15)
  A komodo dragon (Lair:2)
  13 yaktaurs
  9 spiny frogs
  4 freezing wraiths
  An efreet (D:15)
  4 tengu conjurers
  An ice devil (Depths:2)
  A hellwing (Depths:2)
  A red devil (Depths:2)
  A polar bear (Orc:1)
  A guardian mummy (D:15)
  3 trolls
  8 merfolk
  3 tyrant leeches (Lair:6)
  A wind drake (Depths:5)
  13 slime creatures
  A dream sheep (Shoals:1)
  14 blink frogs
  An ettin zombie (Vaults:3)
  6 hippogriffs
  A flying skull (Depths:2)
  A centaur simulacrum (D:15)
  5 water elementals
  A spriggan (D:7)
  6 wraiths
  Sigmund (D:5)
  3 wyverns
  28 yaks
  3 vampire mosquitoes
  A hungry ghost (D:10)
  A neqoxec (Depths:2)
  Menkaure (Ossuary)
  4 wargs
  18 nagas
  An acid dragon (D:14)
  A water moccasin (shapeshifter) (Depths:5)
  15 water moccasins
  3 porcupines
  4 orc warriors
  2 eyes of draining
  2 hornet zombies (D:6)
  3 sky beasts
  3 swamp drakes (Depths:5)
  3 ice beasts
  2 necrophages
  A human zombie (Vaults:4)
  6 wolves
  6 boggarts
  3 phantoms
  18 ogres
  9 centaurs
  2 crocodiles
  A big kobold (D:8)
  14 bullfrogs
  A wyvern zombie (D:7)
  A wyvern skeleton (D:9)
  3 scorpions
  2 killer bees (D:10)
  A human simulacrum (Vaults:2)
  A wight (D:15)
  A jelly (D:8)
  3 electric eels
  2 quasits
  A lava snake (Lair:4)
  4 crimson imps
  2 centaur zombies (D:12)
  A bullfrog zombie (D:13)
  Crazy Yiuf (D:3)
  A hound (D:8)
  15 orc wizards
  3 orc priests
  A bullfrog skeleton (D:6)
  3 centaur skeletons
  An iron imp (D:4)
  Jessica (D:2)
  3 iguanas
  Natasha (twice) (D:3)
  7 worker ants
  A killer bee zombie (D:8)
  A hound zombie (D:8)
  A hound skeleton (D:7)
  4 mummies
  A worker ant zombie (D:9)
  4 gnolls (D:9)
  A howler monkey skeleton (D:9)
  23 adders
  A shadow imp (D:8)
  2 white imps
  An ufetubus (Depths:3)
  An ooze (D:5)
  3 adder skeletons
  3 worms
  A dart slug (D:1)
  5 leopard geckos
  27 orcs
  A bat zombie (D:5)
  3 giant cockroaches
  10 goblins
  14 hobgoblins
  7 jackals
  7 kobolds
  3 quokkas
  2 ball pythons (D:2)
  8 bats
  3 frilled lizards
  4 gnoll skeletons (Ossuary)
  5 gnoll zombies (Ossuary)
  8 goblin skeletons (Ossuary)
  3 goblin zombies (Ossuary)
  A hobgoblin skeleton (Ossuary)
  6 hobgoblin zombies (Ossuary)
  A jackal skeleton (D:7)
  2 jackal zombies
  3 kobold skeletons (Ossuary)
  6 kobold zombies (Ossuary)
  5 orc skeletons (Ossuary)
  3 orc zombies (Ossuary)
  2 quokka zombies
  7 rats
  3 rat skeletons (Ossuary)
  2 rat zombies
  A butterfly (Lair:2)
  A fungus (Lair:5)
  9 plants
800 creatures vanquished.

Vanquished Creatures (collateral kills)
  Asterion (Depths:1)
  2 storm dragons
  3 tengu reavers
  A nagaraja (Snake:4)
  3 frost giants
  An orc warlord (Orc:1)
  6 ironheart preservers
  Aizul (Depths:2)
  2 very ugly things
  A juggernaut zombie (D:15)
  5 stone giants
  5 ettins
  A deep elf death mage (Depths:2)
  A crystal guardian (Vaults:3)
  5 merfolk impalers
  A fire dragon (Depths:5)
  5 ogre magi
  4 yaktaur captains
  3 great orbs of eyes
  12 naga warriors
  Fannar (D:10)
  7 vault guards
  4 ice dragons
  3 anacondas (Snake:3)
  3 merfolk avatars
  3 centaur warriors
  A hell beast (Depths:2)
  A merfolk aquamancer (Shoals:4)
  23 two-headed ogres
  4 death knights
  6 death yaks
  6 deep troll shamans
  6 shock serpents
  An orc high priest (Orc:2)
  3 tengu warriors
  5 deep troll earth magi
  A soul eater (Depths:2)
  8 naga sharpshooters
  A deep elf knight (Vaults:2)
  11 sea snakes
  3 skeletal warriors
  2 iron trolls
  2 flayed ghosts
  5 deep trolls
  A small abomination (Depths:2)
  A storm dragon skeleton (Vaults:3)
  A glowing orange brain (Vaults:1)
  2 necromancers
  A phantasmal warrior (Vaults:1)
  7 deep elf magi
  4 ironbrand convokers
  3 naga ritualists
  2 wizards (Vaults:1)
  5 mana vipers (Snake:3)
  10 harpies
  A wolf spider zombie (D:15)
  8 orc knights
  11 ugly things
  5 cyclopes
  5 manticores
  4 salamanders
  11 elephants (Lair:6)
  2 stone giant zombies
  4 merfolk sirens
  A centaur zombie (D:12)
  10 vault sentinels
  18 black mambas
  16 naga magi
  3 water nymphs
  2 guardian serpents
  A frost giant skeleton (Vaults:4)
  A gargoyle (D:11)
  A centaur skeleton (D:14)
  2 torpor snails
  12 spiny frogs
  A yaktaur zombie (Vaults:4)
  2 komodo dragons (Lair:6)
  18 yaktaurs
  4 freezing wraiths
  A rime drake (Lair:1)
  A yaktaur (shapeshifter) (D:15)
  A tengu conjurer (D:13)
  2 ice devils (Depths:2)
  2 wind drakes (Shoals:4)
  4 trolls
  17 merfolk
  A tyrant leech (Lair:6)
  2 polar bears (Orc:2)
  A hornet (Vaults:2)
  A tengu simulacrum (Vaults:3)
  An ice dragon zombie (D:15)
  11 dream sheep
  An ettin zombie (D:15)
  14 blink frogs
  6 hippogriffs
  7 slime creatures
  A stone giant simulacrum (Vaults:3)
  2 snapping turtles
  3 flying skulls (Depths:2)
  3 redbacks (Vaults:4)
  4 wraiths
  3 water elementals
  2 shadows
  A vampire (D:14)
  A basilisk (D:12)
  A wyvern (D:12)
  5 vampire mosquitoes
  32 yaks
  A hog (shapeshifter) (Vaults:3)
  A steam dragon (D:14)
  4 wargs
  23 nagas
  An acid dragon (D:13)
  17 water moccasins
  2 porcupines
  A floating eye (Depths:3)
  13 orc warriors
  An ettin simulacrum (Vaults:3)
  3 ice beasts
  A black bear (D:12)
  A human zombie (Vaults:4)
  14 ogres
  A black bear (shapeshifter) (Vaults:3)
  A tengu (shapeshifter) (Depths:3)
  5 boggarts
  An elf skeleton (Vaults:3)
  8 wolves
  7 crocodiles
  5 centaurs
  12 bullfrogs
  A deep troll simulacrum (Vaults:3)
  A human skeleton (Vaults:3)
  2 scorpions
  3 killer bees (D:10)
  A human simulacrum (Vaults:2)
  4 wights (D:15)
  3 electric eels
  A crimson imp (D:9)
  A lava snake (Lair:4)
  A bullfrog zombie (D:12)
  A hound (D:12)
  A bullfrog skeleton (D:12)
  6 orc priests
  5 orc wizards
  2 iron imps
  3 worker ants
  13 adders
  2 shadow imps (Depths:3)
  16 orcs
  3 bushes
  A butterfly (Lair:6)
  12 fungi
  28 plants
  3 withered plants (D:15)
721 creatures vanquished.

Vanquished Creatures (others)
  3 orc warlords (Vaults:1)
  12 orc knights
  A yaktaur captain (Vaults:2)
  A centaur warrior (Depths:3)
  A merfolk aquamancer (Shoals:4)
  A deep troll (Depths:1)
  A wizard (Vaults:2)
  8 yaktaurs
  A shadow (D:15)
  A vampire (D:15)
  26 orc warriors
  An ogre (Orc:2)
  A centaur (D:15)
  A crimson imp (D:7)
  A quasit (Depths:3)
  4 orc priests
  9 orc wizards
  47 orcs
  A kobold zombie (Ossuary)
  A rat skeleton (Ossuary)
  3 bushes (Lair:6)
  25 fungi (Lair:6)
  A lurking horror (Abyss:1)
  40 plants
191 creatures vanquished.

Grand Total: 1712 creatures vanquished

Notes
Turn   | Place    | Note
-------+----------+-------------------------------------------
     0 | D:1      | Auros the Hill Orc Fighter began the quest for the Orb.
     0 | D:1      | Reached XP level 1. HP: 19/19 MP: 1/1
   252 | D:1      | Reached XP level 2. HP: 26/27 MP: 2/2
   504 | D:1      | Reached XP level 3. HP: 33/33 MP: 3/3
   975 | D:2      | Noticed Jessica
   995 | D:2      | Reached XP level 4. HP: 22/40 MP: 4/4
  1274 | D:2      | Killed Jessica
  1294 | D:2      | Found a hide-covered altar of Uskayaw.
  1542 | D:2      | Noticed an angel
  1543 | D:2      | Found a glowing silver altar of Zin.
  1543 | D:2      | Found a shimmering altar of Xom.
  1769 | D:2      | Reached XP level 5. HP: 46/46 MP: 5/5
  1848 | D:2      | Found a sacrificial altar of Ru.
  2407 | D:3      | Reached skill level 5 in Axes
  2429 | D:3      | Noticed Natasha
  2436 | D:3      | Killed Natasha
  2440 | D:3      | Reached skill level 5 in Armour
  2596 | D:3      | Noticed Natasha
  2615 | D:3      | Killed Natasha
  3037 | D:3      | Reached XP level 6. HP: 43/52 MP: 6/6
  3344 | D:3      | Found a runed translucent door.
  3345 | D:3      | Noticed Crazy Yiuf
  3352 | D:3      | Killed Crazy Yiuf
  3724 | D:4      | Found Zical's Antique Armour Shop.
  3843 | D:4      | Found a staircase to the Ecumenical Temple.
  3853 | D:4      | Cast into level 1 of the Abyss (a distortion unwield)
  3877 | Abyss:1  | Noticed a ynoxinul
  3909 | Abyss:1  | Noticed a ynoxinul
  3918 | Abyss:1  | Noticed a large abomination
  3921 | Abyss:1  | Noticed a great orb of eyes
  3954 | Abyss:1  | Paralysed by a great orb of eyes for 3 turns
  3976 | Abyss:1  | Killed a great orb of eyes
  3976 | Abyss:1  | Reached XP level 7. HP: 31/59 MP: 7/7
  3976 | Abyss:1  | Reached XP level 8. HP: 35/66 MP: 8/8
  3978 | D:4      | Escaped the Abyss
  4583 | D:4      | Found a shadowy altar of Dithmenos.
  4612 | D:5      | Entered Level 5 of the Dungeon
  4689 | D:5      | Found a shadowy altar of Dithmenos.
  4826 | D:5      | Found Nofuno's Armour Boutique.
  4926 | D:5      | Noticed Sigmund
  4952 | D:5      | Killed Sigmund
  4952 | D:5      | Reached skill level 10 in Axes
  5329 | D:5      | Found an ancient bone altar of Kikubaaqudgha.
  5672 | D:6      | Reached XP level 9. HP: 65/71 MP: 9/9
  5976 | D:6      | Found Nuafuj's Antique Armour Shop.
  6638 | D:7      | Reached skill level 10 in Armour
  6659 | D:7      | Became a worshipper of Beogh the Brigand
  6972 | D:7      | Found a sand-covered staircase.
  6982 | Ossuary  | Entered an ossuary
  7026 | Ossuary  | Reached * piety under Beogh
  7275 | Ossuary  | Noticed Menkaure
  7292 | Ossuary  | Killed Menkaure
  7292 | Ossuary  | Reached ** piety under Beogh
  7536 | D:7      | Reached XP level 10. HP: 61/78 MP: 10/10
  8063 | D:7      | Reached skill level 1 in Evocations
  8189 | D:8      | Reached skill level 1 in Invocations
  8740 | D:8      | Reached skill level 2 in Invocations
  9154 | D:9      | Reached *** piety under Beogh
  9155 | D:9      | Found an iron altar of Okawaru.
  9342 | D:9      | Found a burning altar of Makhleb.
  9390 | D:9      | Reached skill level 3 in Invocations
  9447 | D:9      | Found a stormy altar of Qazlal.
  9447 | D:9      | Found a snail-covered altar of Cheibriados.
  9448 | D:9      | Found a glowing golden altar of the Shining One.
  9773 | D:10     | Entered Level 10 of the Dungeon
  9828 | D:10     | Reached skill level 4 in Invocations
  9830 | D:10     | Found a staircase to the Lair.
  9840 | D:10     | Noticed a two-headed ogre
  9841 | D:10     | Reached skill level 5 in Evocations
  9845 | D:10     | Killed a two-headed ogre
  9845 | D:10     | Reached skill level 5 in Invocations
  9845 | D:10     | Reached XP level 11. HP: 49/84 MP: 5/15
  9845 | D:10     | Gained Murdo as an ally
 10213 | D:10     | Noticed Harold
 10227 | D:10     | Killed Harold
 10227 | D:10     | Reached skill level 6 in Invocations
 10890 | D:10     | Noticed Snorg
 10900 | D:10     | Killed Snorg
 10967 | D:10     | Noticed Fannar
 10974 | D:10     | Killed Fannar
 11214 | D:11     | Noticed a five-headed hydra
 11218 | D:11     | Killed a five-headed hydra
 11218 | D:11     | Reached skill level 7 in Invocations
 11778 | D:11     | Found a staircase to the Orcish Mines.
 11891 | D:11     | Reached skill level 8 in Invocations
 12111 | D:11     | Noticed a cyclops
 12123 | D:11     | Killed a cyclops
 12403 | D:12     | Found a flagged portal.
 12524 | D:12     | Found Bippaps's Antique Armour Shoppe.
 12590 | Bailey   | Entered a bailey
 12657 | Bailey   | Noticed an orc knight
 12739 | Bailey   | Noticed an orc knight
 12743 | Bailey   | Killed an orc knight
 12753 | Bailey   | Noticed an orc knight
 12765 | Bailey   | Killed an orc knight
 13652 | D:12     | Noticed a seven-headed hydra
 13658 | D:12     | Killed a seven-headed hydra
 13658 | D:12     | Noticed a deep elf mage
 13666 | D:12     | Killed a deep elf mage
 13666 | D:12     | Reached XP level 12. HP: 91/91 MP: 3/19
 13828 | D:12     | Found Qoshrory's Food Emporium.
 13867 | D:12     | Found Cash's Antique Armour Boutique.
 13870 | D:12     | Reached skill level 9 in Invocations
 13954 | D:12     | Noticed a death yak
 13959 | D:12     | Noticed a death yak
 14061 | D:12     | Killed a death yak
 14061 | D:12     | Reached skill level 5 in Shields
 14061 | D:12     | Reached skill level 10 in Evocations
 14072 | D:12     | Killed a death yak
 14207 | D:12     | Found Fazuuwn's Antique Weapon Shoppe.
 14218 | D:12     | Noticed a four-headed hydra
 14223 | D:12     | Killed a four-headed hydra
 14318 | D:12     | Found a basalt altar of Yredelemnul.
 14535 | Lair:1   | Entered Level 1 of the Lair of Beasts
 14608 | D:13     | Noticed a two-headed ogre
 14619 | D:13     | Killed a two-headed ogre
 14665 | D:13     | Noticed a tengu warrior
 14673 | D:13     | Noticed a tengu warrior
 14679 | D:13     | Killed a tengu warrior
 14715 | D:13     | Killed a tengu warrior
 14733 | D:13     | Reached skill level 10 in Invocations
 15125 | Lair:1   | Noticed a six-headed hydra
 15136 | Lair:1   | Killed a six-headed hydra
 15144 | Lair:1   | Gained Bogward as an ally
 15148 | Lair:1   | Reached skill level 15 in Axes
 15325 | Lair:1   | Reached **** piety under Beogh
 16325 | Lair:1   | Reached XP level 13. HP: 96/96 MP: 21/21
 17316 | Lair:2   | Gained Arbeogh as an ally
 17678 | Lair:2   | Found a staircase to the Snake Pit.
 17883 | Lair:2   | Reached skill level 5 in Fighting
 18642 | Lair:2   | Reached skill level 11 in Invocations
 19642 | Lair:3   | Found a staircase to the Shoals.
 19854 | Lair:3   | Reached ***** piety under Beogh
 21011 | Lair:4   | Gained Horkud as an ally
 22330 | Lair:6   | Entered Level 6 of the Lair of Beasts
 22332 | Lair:6   | Found a staircase to the Slime Pits.
 22400 | Lair:5   | Gained Hilgar as an ally
 23167 | Lair:6   | Gained Gorg as an ally
 23228 | Lair:6   | Reached XP level 14. HP: 71/111 MP: 23/23
 24421 | Lair:6   | Gained Bogbarth as an ally
 24421 | Lair:6   | Reached skill level 12 in Invocations
 24660 | Lair:6   | Got an encrusted war axe
 24661 | Lair:6   | Identified the +6 war axe of the Distant Future {drain,
                  | MR+} (You found it on level 6 of the Lair of Beasts)
 24756 | Lair:6   | Gained Bolgrim as an ally
 25470 | Lair:6   | Reached ****** piety under Beogh
 25888 | Orc:1    | Entered Level 1 of the Orcish Mines
 25974 | Orc:1    | Noticed Maurice
 25985 | Orc:1    | Killed Maurice
 26002 | Orc:1    | Gained Orbeogh as an ally
 26702 | Orc:1    | Noticed an orc warlord
 26708 | Orc:1    | Killed an orc warlord
 27012 | Orc:2    | Entered Level 2 of the Orcish Mines
 27250 | Orc:2    | Found Goiriz's Assorted Antiques.
 27584 | Orc:2    | Found a roughly hewn altar of Beogh.
 27687 | Orc:2    | Gained Agrik as an ally
 27690 | Orc:2    | Your ally Agrik died
 28039 | Orc:2    | Found a staircase to the Elven Halls.
 28131 | Orc:2    | Found Ketra's Distillery.
 28131 | Orc:2    | Found Mentoemp's General Store.
 28131 | Orc:2    | Found Jakkec's Assorted Antiques.
 28134 | Orc:2    | Found Zosigh's Food Shop.
 28489 | Orc:2    | Identified a scroll of acquirement
 29226 | Snake:1  | Entered Level 1 of the Snake Pit
 29682 | Snake:1  | Reached skill level 13 in Invocations
 29692 | Snake:1  | Gained Worak as an ally
 29819 | Snake:1  | Gained Dorog as an ally
 29862 | Snake:1  | Reached XP level 15. HP: 85/124 MP: 25/25
 30123 | Snake:1  | Reached skill level 10 in Shields
 30372 | Snake:1  | Reached skill level 15 in Armour
 31661 | Snake:2  | Found a glowing golden altar of the Shining One.
 32234 | Snake:2  | Identified the amulet of Dihig {Gourm -Tele MR++ Str+2
                  | Dex+3} (You acquired it on level 2 of the Snake Pit)
 32266 | Snake:3  | Reached skill level 10 in Fighting
 32267 | Snake:3  | Reached skill level 1 in Dodging
 32533 | Snake:3  | Noticed a nagaraja
 32538 | Snake:3  | Killed a nagaraja
 32570 | Snake:3  | Reached skill level 14 in Invocations
 33567 | Snake:3  | Got a pitted turquoise ring
 33568 | Snake:3  | Identified the ring of Ubrorug {-Tele rN++ Int+4 Dex+3
                  | Stlth+} (You found it on level 3 of the Snake Pit)
 33729 | Snake:4  | Entered Level 4 of the Snake Pit
 33995 | Snake:4  | Noticed a nagaraja
 33996 | Snake:4  | Your ally Horkud died
 33996 | Snake:4  | Reached skill level 15 in Invocations
 34003 | Snake:4  | Killed a nagaraja
 34003 | Snake:4  | Reached XP level 16. HP: 88/135 MP: 17/27
 34007 | Snake:4  | Your ally Murdo died
 34008 | Snake:4  | Noticed a nagaraja
 34008 | Snake:4  | Noticed a nagaraja
 34008 | Snake:4  | Your ally Hilgar died
 34011 | Snake:4  | Killed a nagaraja
 34015 | Snake:4  | Reached skill level 16 in Invocations
 34018 | Snake:4  | Killed a nagaraja
 34029 | Snake:4  | Gained Korbok as an ally
 34032 | Snake:4  | Your ally Arbeogh died
 34167 | Snake:4  | Got a serpentine rune of Zot
 34452 | Snake:4  | Noticed a nagaraja
 34464 | Snake:4  | Killed a nagaraja
 34672 | Snake:4  | Reached skill level 17 in Invocations
 35792 | Shoals:1 | Entered Level 1 of the Shoals
 35904 | Shoals:1 | Reached skill level 18 in Invocations
 36409 | Shoals:1 | Got a sparkling jade amulet
 36413 | Shoals:1 | Identified the amulet "Tilienew" {Acrobat rC+ MR+ Str+3}
                  | (You found it on level 1 of the Shoals)
 37199 | Shoals:4 | Entered Level 4 of the Shoals
 37233 | Shoals:4 | Reached skill level 19 in Invocations
 37405 | Shoals:4 | Noticed Bai Suzhen
 37410 | Shoals:4 | Killed Bai Suzhen
 37410 | Shoals:4 | Reached XP level 17. HP: 107/143 MP: 17/30
 37689 | Shoals:4 | Identified the +4 morningstar "Impslayer" {vorpal, Str+2
                  | Int+7 Dex+3}
 38382 | Shoals:4 | Your ally Worak died
 38476 | Shoals:4 | Got a barnacled rune of Zot
 38910 | Shoals:3 | Noticed a kraken
 39836 | D:13     | Noticed Rupert
 39840 | D:13     | Killed Rupert
 40050 | D:13     | Gained Berold as an ally
 40727 | D:14     | Found a gate to the Vaults.
 41178 | D:14     | Found a white marble altar of Elyvilon.
 41462 | D:14     | Noticed Josephine
 41465 | D:14     | Killed Josephine
 41465 | D:14     | Gained Boderik as an ally
 41809 | D:15     | Entered Level 15 of the Dungeon
 41819 | D:15     | Reached skill level 20 in Invocations
 41858 | D:15     | Found a flickering gateway to a bazaar.
 41896 | Bazaar   | Entered a bazaar
 41901 | Bazaar   | Found Netoed's Book Shoppe.
 41909 | Bazaar   | Found Eshema's Book Shop.
 41950 | Bazaar   | Found Kyaryej's General Store.
 41958 | Bazaar   | Found Feibaf's Weapon Boutique.
 41997 | Bazaar   | Bought a ration for 80 gold pieces
 41997 | Bazaar   | Bought a ration for 80 gold pieces
 41997 | Bazaar   | Bought a +2 trident of flaming for 292 gold pieces
 42146 | D:15     | Found a staircase to the Depths.
 42921 | Depths:1 | Entered Level 1 of the Depths
 43000 | Depths:1 | Noticed Asterion
 43006 | Depths:1 | Killed Asterion
 43119 | Depths:1 | Reached XP level 18. HP: 143/154 MP: 32/32
 43134 | Depths:1 | Your ally Berold died
 43135 | Depths:1 | Gained Nordag as an ally
 43136 | Depths:1 | Reached skill level 5 in Dodging
 43140 | Depths:1 | Your ally Boderik died
 43148 | Depths:1 | Gained Syrus as an ally
 43739 | Depths:1 | Found a gateway to Hell.
 44003 | Depths:1 | Found a portal to a secret trove of treasure.
 44010 | Depths:1 | Got an ichor-stained chain mail
 44021 | Depths:1 | Identified the +11 chain mail "Ureocas" {-Tele MR++ SInv}
                  | (You found it on level 1 of the Depths)
 45716 | Depths:2 | Noticed Aizul
 45727 | Depths:2 | Killed Aizul
 46290 | Depths:2 | Found a transporter.
 46292 | Depths:2 | Noticed a caustic shrike
 46300 | Depths:2 | Noticed a quicksilver dragon
 46301 | Depths:2 | Noticed a caustic shrike
 46308 | Depths:2 | Noticed Fixaphap's ghost (legendary MiBe)
 46313 | Depths:2 | Found a transporter.
 47253 | Depths:2 | Reached skill level 21 in Invocations
 48482 | Depths:3 | Noticed a lich
 48603 | Depths:3 | Gained mutation: You are clumsy. (Dex -2) [a neqoxec]
 49601 | Depths:3 | Reached XP level 19. HP: 162/162 MP: 33/33
 50137 | Depths:3 | Found a one-way gate leading to the halls of Pandemonium.
 50388 | Vaults:1 | Entered Level 1 of the Vaults
 51480 | Vaults:1 | Your ally Bogbarth died
 51484 | Vaults:1 | Your ally Bogward died
 51498 | Vaults:1 | Your ally Gorg died
 51499 | Vaults:1 | Your ally Korbok died
 52768 | Vaults:1 | Got a brightly glowing hunting sling
 52769 | Vaults:1 | Identified the +5 hunting sling of Tiud {venom, rC- Int+3}
                  | (You found it on level 1 of the Vaults)
 54055 | Vaults:2 | Noticed Boris
 54066 | Vaults:2 | Killed Boris
 54068 | Vaults:2 | Found Zinuyrgh's Book Shop.
 54214 | Vaults:2 | Noticed Sojobo
 54215 | Vaults:2 | Noticed Mennas
 54230 | Vaults:2 | Killed Sojobo
 54230 | Vaults:2 | Reached skill level 22 in Invocations
 54234 | Vaults:2 | Your ally Nordag died
 54237 | Vaults:2 | Killed Mennas
 55187 | Vaults:2 | Noticed Xtahua
 55193 | Vaults:2 | Killed Xtahua
 55396 | Vaults:2 | Reached XP level 20. HP: 159/173 MP: 35/35
 57016 | Vaults:3 | Found Miluf's Book Emporium.
 57044 | Vaults:3 | Learned a level 2 spell: Blink
 57196 | Vaults:3 | Reached skill level 1 in Translocations
 57662 | Vaults:3 | Noticed Nikola
 57670 | Vaults:3 | Killed Nikola
 57774 | Vaults:3 | Found a staircase to the Crypt.
 57774 | Vaults:3 | Found an ancient bone altar of Kikubaaqudgha.
 57774 | Vaults:3 | Found a basalt altar of Yredelemnul.
 58001 | Vaults:3 | Gained Marbork as an ally
 58875 | Vaults:3 | Got an ichor-stained arbalest
 58876 | Vaults:3 | Identified the +6 arbalest "Olov" {elec, *Corrode rElec rN+
                  | Str+4} (You found it on level 3 of the Vaults)
 59652 | Vaults:4 | Got an ichor-stained chain mail
 59663 | Vaults:4 | Identified the +5 chain mail of Hysteria {Int+4} (You found
                  | it on level 4 of the Vaults)
 59772 | Vaults:4 | Reached skill level 23 in Invocations
 59892 | Vaults:4 | Gained Alork as an ally
 60011 | Vaults:4 | Noticed Boris
 60016 | Vaults:4 | Killed Boris
 60034 | Vaults:4 | Reached XP level 21. HP: 182/182 MP: 25/36
 61028 | Depths:4 | You fall into a shaft and drop 1 floor!
 61028 | Depths:5 | Entered Level 5 of the Depths
 61245 | Depths:5 | Killed from afar by a fire dragon

Levels and vault maps discovered:
D:1:      sevenhm_arrival_forest_fort_large_2, layout_basic
D:2:      layout_basic, grunt_temple_overflow_order_and_chaos_1,
          eat_drink_and_be_merry_uskayaw, nicolae_ru_great_annihilating_truth,
          uniq_jessica
D:3:      layout_loops_ring, grunt_ministairs_2, uniq_natasha,
          uniq_crazy_yiuf_cottage
D:4:      layout_loops_ring, lemuel_coloured_pillars_altar,
          minmay_temple_entry_grid, serial_shops, nicolae_shop_crystal,
          first_ration, hex_medium
D:5:      layout_layer_cave, lemuel_zombie_altar_kikubaaqudgha, serial_shops,
          nicolae_shop_crystal, grunt_dithmenos_shadows, uniq_sigmund
D:6:      layout_gridville, serial_shops, shop, minmay_misc_feat_iff
D:7:      layout_gridville, gup_ossuary_entry_pyramid, the_bakery,
          minmay_manual_mandibuliform
D:8:      layout_basic
D:9:      layout_cave_pools, lemuel_doored_altar,
          chequers_temple_overflow_statue_of_worship, lemuel_round_altar,
          kennysheep_cross_room
D:10:     layout_stronghold, erik_lair_orcish_takeover, hangedman_decor_growths,
          uniq_snorg, uniq_fannar, uniq_harold
D:11:     layout_gridville, st_stairs_13, minivault_5
D:12:     argonaut_augean_stables, layout_small_grid, enter_bailey_8,
          basic_altar, serial_shops, shop_statue, nicolae_shop_stone,
          kennysheep_mini, shop
D:13:     layout_roguey, uniq_rupert
D:14:     layout_basic, david_vaults_2, chequers_serial_rivers_small_3,
          basic_altar, nrook_mini_vaults, uniq_josephine
D:15:     gammafunk_depths_entry_grave, layout_basic, grunt_decor_arrowhead,
          serial_shops, bzr_entry_gold, eino_small_chamber_without_monster
Lair:1:   lemuel_reptile_caves, layout_chaotic_city, st_stairs_9,
          minmay_hedge_maze, grunt_forest_stairs_basic,
          minmay_lair_oklob_bushes, lemuel_fruit_tree, serial_bayou_shore_b,
          serial_bayou_shore_b
Lair:2:   layout_regular_city, guppyfry_snake_entry_island, lemuel_fruit_fields
Lair:3:   layout_regular_city, elwin_shoals_entry_rooms, serial_bayou_shore_a
Lair:4:   layout_gridlike, wad_woods_03
Lair:5:   layout_loops_ring, minivault_25
Lair:6:   minmay_lair_end_frog_pond, layout_layer_cave,
          minmay_slime_entry_oklob_open, patterned_corridor, lemuel_fruit_fields
Shoals:1: cheibrodos_shoals_three_sisters, layout_shoals,
          nicolae_shoals_water_shrine
Shoals:2: layout_shoals, serial_shops, nicolae_shop_statue_plus,
          nicolae_shoals_square_sea_wall
Shoals:3: layout_shoals
Shoals:4: shoals_end_grunt_ice, layout_shoals, uniq_bai_suzhen
Snake:1:  layout_basic, drop_trap
Snake:2:  layout_rooms, basic_altar, minmay_snake_pond
Snake:3:  cheibrodos_forgotten_conduit, layout_grid_shapes
Snake:4:  snake_pit, layout_gridlike
Orc:1:    layout_diamond_mine, portal_ice_cave_entry_animals_and_master,
          minmay_orc_barracks, uniq_maurice
Orc:2:    st_orc_rangers, layout_caves, serial_shops,
          nicolae_shop_overgrown_old_shop, basic_altar, guppyfry_library_mini
Vaults:1: vaults_room_grunt_arrival_ludios, v_pattern_2, v_misc_15,
          nicolae_vaults_alarming, nicolae_vaults_network_quinsquares
          [nicolae_vaults_network_quincunx_subvault,
          nicolae_vaults_network_quincunx_subvault,
          nicolae_vaults_network_quincunx_subvault,
          nicolae_vaults_network_quincunx_subvault], vaults_room_pools,
          ontoclasm_vaults_ring_small, ontoclasm_vaults_pinch,
          layout_vaults_big_room
Vaults:2: hangedman_vaults_unwind, v_rooms_4, vaults_dpeg_hooks,
          vaults_room_ringed_pool, v_misc_24, vaults_mumra_hexcomb,
          grunt_vaults_diagonal, nicolae_vaults_mini_display_case,
          vaults_mumra_chevron, layout_vaults_big_cross, serial_shops,
          shop_fountains, uniq_sojobo, uniq_mennas, uniq_xtahua, uniq_boris
Vaults:3: st_octagons_2, minmay_crypt_entry_necro_gods, ontoclasm_vaults_fault,
          vaults_dpeg_cross, v_pattern_4, ontoclasm_vaults_chip,
          nicolae_vaults_little_squares_6, hangedman_vaults_impose,
          nicolae_vaults_yaktaur_gun_rack, layout_vaults_omnigrid, serial_shops,
          shop, uniq_nikola
Vaults:4: serial_ice_g, ontoclasm_vaults_ring_small, vaults_room_semicircle,
          hangedman_vaults_capsules, hangedman_vaults_maws,
          hangedman_vaults_trim, nicolae_vaults_meeting, vaults_dpeg_doors,
          v_misc_31, nicolae_vaults_circle_grid_b, v_alt_pattern_2,
          vaults_room_grid, ontoclasm_vaults_chip, layout_vaults_ring
Depths:1: layout_small_grid, hell_entry, enter_trove_2, minmay_misc_feat_rows,
          lemuel_flame_loot_1, roderic_lattice_octagonal_star, uniq_asterion
Depths:2: minmay_slanted_spiral_squares, layout_gridlike, nrook_uturn,
          gammafunk_ghost_berserking_beasts, grunt_mini_vestibule,
          infiniplex_staircase_x, uniq_aizul
Depths:3: grated_community_mu [grated_community_mu_vampire_home,
          grated_community_mu_giant_home, grated_community_mu_spellcaster_home,
          grated_community_mu_orcish_home, grated_community_mu_troll_home,
          grated_community_mu_taur_home, grated_community_mu_unbuilt_plot],
          layout_long_grid, grunt_pan_entry_in_and_out, pf_hell_entry_great_geh,
          infiniplex_staircase_pillars_1, uniq_jory
Depths:4: kennysheep_blocky_room, layout_basic, abyss_entry_crystal,
          hellmouth_1, pan_entry, minmay_misc_feat_nine_boxes,
          kennysheep_nondecorative_pillar, serial_bayou_shore_b,
          infiniplex_staircase_pool_1
Depths:5: lemuel_castle_with_subvaults [lemuel_castle_interior_original],
          layout_cave_pools, enter_ziggurat_a, special_room
          [special_room_mythical_zoo], hangedman_coc_ice_floe

Skill      XL: |  1  2  3  4  5  6  7  8  9 10 11 12 13 14 15 16 17 18 19 20 21 |
---------------+----------------------------------------------------------------+-----
Axes           | 3 4 5 9 10 12 14 15 16 17 18 19 | 19.4
Fighting       | 4 6 9 10 11 12 13 14 | 14.6
Armour         | 4 5 8 9 10 11 12 13 14 15 16 17 | 17.7
Evocations     | 5 9 11 12 13 | 13.6
Invocations    | 5 8 10 11 13 15 19 20 21 22 23 | 23.3
Shields        | 4 6 8 9 11 12 13 14 | 14.4
Dodging        | 2 3 4 6 7 8 |  8.4
Translocations | 2 3 |  3.3

Action                   |  1- 3 |  4- 6 |  7- 9 | 10-12 | 13-15 | 16-18 | 19-21 || total
-------------------------+-------+-------+-------+-------+-------+-------+-------++-------
Melee: War axe           |    81 |   217 |       |       |   452 |   968 |   779 ||  2497
       Hand axe          |       |    16 |   427 |   706 |   636 |       |       ||  1785
Throw: Stone             |    74 |    48 |       |    17 |       |       |       ||   139
       Javelin           |       |       |       |       |     7 |     8 |     2 ||    17
Invok: Convert to Beogh  |       |       |     1 |       |       |       |       ||     1
       Smiting           |       |       |       |    14 |     8 |    35 |    43 ||   100
       Recall Orcish Fol |       |       |       |       |    29 |    27 |    19 ||    75
       Give Item to Name |       |       |       |       |     4 |     8 |     3 ||    15
       Stop Recall       |       |       |       |       |     1 |       |     1 ||     2
       Resurrection      |       |       |       |       |       |     2 |     1 ||     3
Evoke: Wand              |       |     1 |       |    13 |     5 |       |       ||    19
       Lightning rod     |       |       |       |       |       |     2 |     6 ||     8
       Fan of gales      |       |       |       |       |       |       |     1 ||     1
  Use: Potion            |       |    11 |       |       |       |     3 |       ||    14
       Scroll            |       |     7 |       |    11 |    10 |     5 |     5 ||    38
 Stab: Invisible         |       |     1 |       |       |       |       |       ||     1
       Distracted        |       |       |       |     6 |    10 |    10 |     4 ||    30
  Eat: Chunk             |       |    10 |     9 |    20 |    45 |    27 |    17 ||   128
       Ration            |       |       |     1 |     2 |     5 |     5 |     6 ||    19
Armor: Scale mail        |    21 |       |       |       |       |       |       ||    21
       Plate armour      |    25 |   161 |   143 |   185 |       |       |       ||   514
       Skin              |       |     8 |       |       |       |       |       ||     8
       Crystal plate arm |       |       |       |   134 |   489 |   380 |       ||  1003
       Chain mail        |       |       |       |       |       |   182 |   262 ||   444
Dodge: Dodged            |    23 |    43 |    49 |   129 |   207 |   258 |   202 ||   911
Block: Shield            |    42 |   118 |   130 |   284 |   579 |   674 |   471 ||  2298
       Reflection        |       |       |       |       |       |    72 |    56 ||   128

Table legend:
 A = Non-vault XP
 B = Vault XP
 C = Vault XP percentage of total XP
 D = Non-vault monster count
 E = Vault monster count
 F = Vault count percentage of total count
                 A         B        C        D         E       F
            +---------+---------+-------+---------+---------+-------
      Total |  310347 |  199121 |  39.1 |     995 |     484 |  32.7
            +---------+---------+-------+---------+---------+-------
        D:1 |      51 |       0 |   0.0 |      28 |       0 |   0.0
        D:2 |      97 |      54 |  35.8 |      20 |       5 |  20.0
        D:3 |     108 |      79 |  42.2 |      23 |       3 |  11.5
        D:4 |     244 |       0 |   0.0 |      10 |       0 |   0.0
        D:5 |     138 |     333 |  70.7 |       6 |       4 |  40.0
        D:6 |    1273 |       0 |   0.0 |      20 |       0 |   0.0
        D:7 |    1198 |     279 |  18.9 |      32 |       5 |  13.5
        D:8 |    1276 |       0 |   0.0 |      25 |       0 |   0.0
        D:9 |    1198 |       0 |   0.0 |      26 |       0 |   0.0
       D:10 |    1985 |    2333 |  54.0 |      18 |       9 |  33.3
       D:11 |    3462 |     154 |   4.3 |      12 |       1 |   7.7
       D:12 |    4441 |    2712 |  37.9 |      22 |      14 |  38.9
       D:13 |    9157 |    3043 |  24.9 |      31 |       1 |   3.1
       D:14 |    6427 |    3219 |  33.4 |      20 |       9 |  31.0
       D:15 |    6262 |    3633 |  36.7 |      25 |       8 |  24.2
     Lair:1 |    2968 |    3033 |  50.5 |      18 |      33 |  64.7
     Lair:2 |    5529 |     114 |   2.0 |      25 |       1 |   3.8
     Lair:3 |    7057 |     725 |   9.3 |      34 |       3 |   8.1
     Lair:4 |    1523 |       0 |   0.0 |      11 |       0 |   0.0
     Lair:5 |    2150 |     696 |  24.5 |       8 |       3 |  27.3
     Lair:6 |   12472 |    7528 |  37.6 |      46 |      40 |  46.5
   Shoals:1 |    8411 |    7446 |  47.0 |      26 |      12 |  31.6
   Shoals:2 |    1533 |       0 |   0.0 |       4 |       0 |   0.0
   Shoals:3 |    9861 |       0 |   0.0 |      21 |       0 |   0.0
   Shoals:4 |   10619 |   19107 |  64.3 |      37 |      27 |  42.2
    Snake:1 |   13856 |       0 |   0.0 |      37 |       0 |   0.0
    Snake:2 |    5107 |     354 |   6.5 |      13 |       6 |  31.6
    Snake:3 |   13664 |    4334 |  24.1 |      32 |      10 |  23.8
    Snake:4 |   13360 |   17986 |  57.4 |      34 |      41 |  54.7
      Orc:1 |    3094 |    1917 |  38.3 |      17 |       7 |  29.2
      Orc:2 |    2695 |    4950 |  64.7 |      23 |      32 |  58.2
   Vaults:1 |   27536 |    8306 |  23.2 |      56 |      11 |  16.4
   Vaults:2 |   20233 |   29535 |  59.3 |      47 |      15 |  24.2
   Vaults:3 |   14824 |   23497 |  61.3 |      31 |      32 |  50.8
   Vaults:4 |   23677 |   29568 |  55.5 |      29 |      46 |  61.3
   Depths:1 |   18024 |    2618 |  12.7 |      33 |       1 |   2.9
   Depths:2 |   32539 |   15929 |  32.9 |      58 |      30 |  34.1
   Depths:3 |   16676 |    2062 |  11.0 |      31 |      10 |  24.4
   Depths:5 |    4558 |    2361 |  34.1 |       5 |       6 |  54.5
    Abyss:1 |    1064 |       0 |   0.0 |       1 |       0 |   0.0
    Ossuary |       0 |     268 | 100.0 |       0 |      52 | 100.0
     Bailey |       0 |     948 | 100.0 |       0 |       7 | 100.0
            +---------+---------+-------+---------+---------+-------
